 Dungeon Crawl Stone Soup version 0.28-a0-1395-g4f6bc678fa (webtiles) character file.

Game seed: 6432727637216929303

298 fragbeetle the Ruffian (level 6, -1/45 (50) HPs)
             Began as a Draconian Transmuter on Jan 5, 2022.
             Slain by a water moccasin (5 damage)
             ... on level 4 of the Dungeon.
             The game lasted 00:07:48 (4378 turns).

fragbeetle the Ruffian (Draconian Transmuter)       Turns: 4378, Time: 00:07:51

HP:   -1/45 (50)    AC:  6    Str: 14    XL:     6   Next: 13%
MP:   10/10         EV: 12    Int: 13    God:
Gold: 182           SH:  0    Dex: 12    Spells: 6/10 levels left

rFire   + . .      SeeInvis .     - Unarmed
rCold   . . .      Faith    .   (no shield)
rNeg    . . .      Spirit   .   (armour unavailable)
rPois   .          Reflect  .   (helmet restricted)
rElec   .          Harm     .   i - scarf {+Inv}
rCorr   .          Rampage  .   (no gloves)
Will    .....                   (no boots)
Stlth   +.........              (no amulet)
HPRegen 0.15/turn               n - ring of protection from fire
MPRegen 0.12/turn               (no ring)

@: mighty, lethally poisoned (-1 -> -10), heavily drained
A: AC +6, unfitting armour, cold-blooded
a: Evoke Invisibility


You were on level 4 of the Dungeon.
You visited 1 branch of the dungeon, and saw 5 of its levels.

You collected 182 gold pieces.

Inventory:

Hand Weapons
 q - a +3 hunting sling
Missiles
 b - 109 stones
 m - 8 poisoned darts
Armour
 i - a scarf of invisibility (worn)
Jewellery
 f - an amulet of faith
 n - a ring of protection from fire (left hand)
Wands
 j - a wand of flame (16)
Scrolls
 a - 3 scrolls of identify {unknown}
 c - a scroll of enchant armour {unknown}
 d - a scroll of torment {unknown}
 e - a scroll of noise {unknown}
 l - a scroll of immolation {unknown}
 o - a scroll of holy word {unknown}
 p - a scroll of blinking {unknown}
Potions
 h - 2 potions of heal wounds
 k - a potion of brilliance {unknown}


   Skills:
 + Level 2.4 Fighting
 + Level 2.6 Dodging
 * Level 4.5 Unarmed Combat
 + Level 2.6 Spellcasting
 * Level 3.6 Transmutations
 + Level 1.5 Poison Magic


You had 6 spell levels left.
You knew the following spells:

 Your Spells              Type           Power      Damage    Failure   Level
a - Beastly Appendage     Tmut           22%        N/A       5%          1
b - Spider Form           Tmut/Pois      8%         N/A       26%         3

Your spell library contained the following spells:

 Spells                   Type           Power      Damage    Failure   Level
 Wereblood                Tmut           11%        N/A       9%          2
 Animate Skeleton         Necr           2%         N/A       24%         1
 Pain                     Necr           4%         1d4       24%         1
 Portal Projectile        Hex/Tloc       2%         N/A       56%         3
 Vampiric Draining        Necr           1%         2d6       56%         3
 Ice Form                 Ice/Tmut       6%         N/A       75%         4
 Blade Hands              Tmut           5%         N/A       83%         5
 Excruciating Wounds      Necr           0%         N/A       100%        5


Dungeon Overview and Level Annotations

Branches:
Dungeon (5/15)
 Temple: D:4-7

Altars:
Cheibriados
Elyvilon
Trog

Shops:
D:2 *

Annotations:
D:2 Sigmund
D:3 1 runed translucent door, Clumpoid's ghost, amateur DjFi
D:4 2 transporters, BubbleThief's ghost, amateur BaSu
D:5 Eustachio


Innate Abilities, Weirdness & Mutations

Your plain brown scales are hard. (AC +6)
You cannot fit into any form of body armour.
You are cold-blooded and may be slowed by cold attacks.


Message History

You feel much better.
You feel very sick. The water moccasin bites you.
You miss the water moccasin. You tail-slap the water moccasin.
The water moccasin is heavily wounded.
You feel very sick.
The water moccasin bites you but does no damage.
Your magical contamination has completely faded away.
You hit the water moccasin but do no damage.
You claw the water moccasin.
Your headbutt misses the water moccasin.
The water moccasin is heavily wounded.
You feel sick. The water moccasin bites you.
You are lethally poisoned!
The water moccasin poisons you!
The water moccasin bites you but does no damage.
You hit the water moccasin. Your kick misses the water moccasin.
The water moccasin is severely wounded.
You feel very sick. The water moccasin misses you.
You hit the water moccasin.
The water moccasin is severely wounded.
* * * LOW HITPOINT WARNING * * *
You feel very sick. The water moccasin bites you.
* * * LOW HITPOINT WARNING * * *
You hit the water moccasin.
Your headbutt misses the water moccasin.
Your punch misses the water moccasin.
The water moccasin is severely wounded.
* * * LOW HITPOINT WARNING * * *
You feel very sick. The water moccasin closely misses you.
The water moccasin barely misses you.
It was a potion of might.
You feel very mighty all of a sudden.
Your horns disappear.
Your talons disappear.
* * * LOW HITPOINT WARNING * * *
You feel very sick. The water moccasin bites you.
You die...

### #.# #.#.# #.### ..##
#.# #.#.# #.#### ##.###.#
#.#.# #..... ##.##.#
##.#.# ##########.....
#....####....#
#..............
##............#
#.###.......>..
##.#.######....# #.#
#.####..... ..##.#
####.####.###.# ######
####.# #..@S......# ####
####.##############.######
#... ...............#
#......# #.##
#####.##.##.##.# ######.#
#.# #####.##.##.##.# #.#
#.# .........##.##.# #.#
#.# #####.#.###.##.# #.#
#.# #.#.# #.##.# #.# #.#
#.#.# #.##.# #.# #.#


You could see a water moccasin.

Vanquished Creatures
  A bullfrog (D:4)
  A centaur skeleton (D:4)
  Jessica (D:3)
  An iguana (D:4)
  An orc wizard (D:4)
  3 gnolls (D:4)
  3 adders
  A worm (D:4)
  13 orcs
  4 ball pythons (D:3)
  2 bats
  5 endoplasms
  2 giant cockroaches
  2 goblins
  2 hobgoblins (D:2)
  5 jackals
  4 kobolds
  A quokka (D:3)
  3 frilled lizards
  5 rats
60 creatures vanquished.

Vanquished Creatures (others)
  A quokka (D:4)
  6 plants (D:2)
7 creatures vanquished.

Grand Total: 67 creatures vanquished

Notes
Turn   | Place    | Note
-------+----------+-------------------------------------------
     0 | D:1      | fragbeetle the Draconian Transmuter began the quest for the
                  | Orb.
     0 | D:1      | Reached XP level 1. HP: 16/16 MP: 3/3
   283 | D:1      | Reached XP level 2. HP: 15/23 MP: 3/5
   949 | D:2      | Noticed Sigmund
  1192 | D:2      | Found Tiukk's General Store.
  1623 | D:3      | Reached XP level 3. HP: 23/28 MP: 6/6
  1810 | D:3      | Found a runed translucent door.
  1810 | D:3      | Noticed Clumpoid's ghost (amateur DjFi)
  1833 | D:3      | Learned a level 3 spell: Spider Form
  2107 | D:3      | Noticed Jessica
  2117 | D:3      | Killed Jessica
  2118 | D:3      | Reached XP level 4. HP: 32/36 MP: 7/7
  2578 | D:2      | Found a faded altar of an unknown god.
  2926 | D:4      | Reached skill level 4 in Unarmed Combat
  3064 | D:4      | Reached skill level 1 in Poison Magic
  3064 | D:4      | Reached XP level 5. HP: 21/41 MP: 8/8
  3534 | D:4      | Found a white marble altar of Elyvilon.
  3742 | D:4      | Found a transporter.
  3743 | D:4      | Noticed BubbleThief's ghost (amateur BaSu)
  3745 | D:4      | Noticed an ogre
  3745 | D:4      | Identified the +7 dire flail "Jadea" {vorpal, rElec Int+2}
  3745 | D:4      | Noticed an ogre
  3748 | D:4      | Found a transporter.
  3782 | D:4      | Found a bloodstained altar of Trog.
  4122 | D:4      | Reached XP level 6. HP: 43/48 MP: 7/10
  4218 | D:4      | Found a snail-covered altar of Cheibriados.
  4315 | D:5      | Entered Level 5 of the Dungeon
  4328 | D:5      | Noticed Eustachio
  4332 | D:5      | Noticed a water moccasin
  4366 | D:4      | HP: 1/45 [water moccasin (3)]
  4378 | D:4      | Slain by a water moccasin

Illustrated notes

Levels and vault maps discovered:
D:1:      elethiomel_arrival_fortress_basement, layout_loops_ring,
          minmay_octomino_j4
D:2:      layout_loops_ring, serial_shops, shop_statue, serial_forest,
          infiniplex_forest_lined_2, infiniplex_forest_end_2,
          infiniplex_forest_clump_tiny, infiniplex_forest_corner_2,
          infiniplex_forest_corner_1, infiniplex_forest_end_double,
          infiniplex_forest_clump_curved, infiniplex_forest_straight_3,
          dreamdust_ecumenical_altar_angels_and_demons, st_stairs_10,
          uniq_crazy_yiuf_cottage, uniq_sigmund
D:3:      layout_basic, hellmonk_ghost_happy_afterlife, kennysheep_path_1,
          uniq_jessica
D:4:      layout_loops_ring, elyvilon_altar_4, cheibrodos_worm_habitat,
          lemuel_tele_altar, gammafunk_ghost_smash
D:5:      layout_cave_pools, minmay_temple_entry_slanted,
          gup_sewer_entry_spiral, uniq_blork_the_orc, uniq_eustachio

Skill      XL: |  1  2  3  4 |
---------------+-------------+-----
Dodging        | 2 |  2.6
Unarmed Combat | 4 |  4.5
Transmutations | 3 |  3.6
Fighting       | 2 |  2.4
Poison Magic   | 1 |  1.5
Spellcasting   | |  2.6

Action                   |  1- 3 |  4- 6 || total
-------------------------+-------+-------++-------
Melee: Unarmed           |   100 |   111 ||   211
       Kick              |    25 |    23 ||    48
       Headbutt          |     4 |    16 ||    20
       Tailslap          |     4 |     6 ||    10
       Punch             |     1 |       ||     1
 Cast: Beastly Appendage |    19 |    18 ||    37
       Spider Form       |       |     2 ||     2
 Abil: Evoke Invisibilit |       |     1 ||     1
Evoke: Wand              |       |     2 ||     2
  Use: Potion            |       |     3 ||     3
 Stab: Sleeping          |       |     1 ||     1
Armor: Skin              |    19 |    30 ||    49
Dodge: Dodged            |    55 |    78 ||   133

Table legend: (Time is in decaauts)
 A = Elapsed time spent in this place.
 B = Non-inter-level travel time spent in this place.
 C = Inter-level travel time spent in this place.
 D = Time resting spent in this place.
 E = Time spent auto-exploring this place.
 F = Levels seen in this place.
 G = Mean time per level.
                   A        B        C        D        E       F      G
               +--------+--------+--------+--------+--------+-----+--------+
         Total |   4373 |   4298 |     75 |    213 |   3287 |   5 |  874.6 |
       Dungeon |   4373 |   4298 |     75 |    213 |   3287 |   5 |  874.6 |
               +--------+--------+--------+--------+--------+-----+--------+

Top non-repeatable levels by time:
     D:4: 1493 daAuts
     D:3: 1380 daAuts
     D:1: 966 daAuts
     D:2: 509 daAuts
     D:5: 24 daAuts
